 Dungeon Crawl Stone Soup version 0.28.0-62-gf88900778d (webtiles) character file.

Game seed: 12452567304067096799

64 Froggeryz the Cutter (level 4, -8/49 HPs)
             Began as an Octopode Berserker on Sept 7, 2023.
             Was a Believer of Trog.
             Mangled by Duvessa
             ... wielding a +0 rapier
              (15 damage)
             ... on level 4 of the Dungeon.
             The game lasted 00:01:32 (3141 turns).

Froggeryz the Cutter (Octopode Berserker)           Turns: 3141, Time: 00:01:32

Health: -8/49      AC:  1    Str: 16    XL:     4   Next: 12%
Magic:  4/4        EV: 13    Int:  9    God:    Trog [**....]
Gold:   174        SH:  0    Dex: 13    Spells: 3/3 levels left

rFire   . . .      SeeInvis .   c - +0 dagger (freeze)
rCold   . . .      Faith    .   (no shield)
rNeg    . . .      Spirit   .   (helmet restricted)
rPois   .          Reflect  .   (no amulet)
rElec   .          Harm     .   (no ring)
rCorr   .          Rampage  .   (no ring)
Will    .....                   (no ring)
Stlth   ..........              (no ring)
HPRegen 0.16/turn               (no ring)
MPRegen 0.09/turn               (no ring)
                                (no ring)
                                (no ring)

@: berserking, very quick
A: almost no armour, amphibious, 8 rings, camouflage 1, gelatinous body 1,
(nimble swimmer 1), tentacles
a: Renounce Religion, Berserk, Trog's Hand


You were on level 4 of the Dungeon.
You worshipped Trog.
Trog was pleased with you.
You visited 1 branch of the dungeon, and saw 4 of its levels.

You collected 174 gold pieces.

Inventory:

Hand Weapons
 c - a +0 dagger of freezing (weapon)
Missiles
 d - 10 poisoned darts (quivered)
Jewellery
 i - a ring of ice
Scrolls
 a - a scroll of blinking {unknown}
 b - a scroll of enchant weapon {unknown}
 e - a scroll of fear {unknown}
 g - a scroll of magic mapping {unknown}
 k - a scroll of silence {unknown}
 l - a scroll of identify {unknown}
Potions
 f - 5 potions of flight {unknown}
 h - a potion of lignification {unknown}
 j - a potion of attraction {unknown}
 m - a potion of haste {unknown}


   Skills:
 + Level 3.7 Fighting
 * Level 4.3 Short Blades
 - Level 3.0 Dodging


You had 3 spell levels left.
You didn't know any spells.
Your spell library was empty.

Dungeon Overview and Level Annotations

Branches:
Dungeon (4/15)
 Temple: D:4-7

Altars:
Dithmenos

Annotations:
D:4 Duvessa


Innate Abilities, Weirdness & Mutations

You cannot wear most types of armour.
You are amphibious.
You can wear up to eight rings at the same time.
Your skin changes colour to match your surroundings (Stealth+).
Your rubbery body absorbs attacks. (AC +1, EV +1)
((You are camouflaged when in or above water. (Stealth+)))
You have tentacles for arms and can constrict up to eight enemies at once.


Message History

You barely miss the bullfrog skeleton.
Duvessa shouts!
You grab the bullfrog skeleton. You squeeze the bullfrog skeleton!
The bullfrog skeleton is moderately damaged.
You constrict the bullfrog skeleton. The bullfrog skeleton hits you.
You hit the bullfrog skeleton.
The bullfrog skeleton is heavily damaged.
You constrict the bullfrog skeleton. The bullfrog skeleton hits you. x2
You hit Dowan but do no damage. Your grab misses Dowan.
You constrict the bullfrog skeleton.
Dowan hits you with a +2 dagger of speed.
The bullfrog skeleton barely misses you.
You hit Dowan. You freeze Dowan. You grab Dowan.
Dowan is lightly wounded.
You constrict Dowan. You constrict the bullfrog skeleton.
Dowan casts a spell at you. The puff of frost hits you!
The bullfrog skeleton hits you.
A red film seems to cover your vision as you go berserk!
You feel yourself moving faster!
You feel mighty!
You constrict Dowan. You constrict the bullfrog skeleton.
Dowan barely misses you. The bullfrog skeleton hits you.
* * * LOW HITPOINT WARNING * * *
You puncture Dowan! You freeze Dowan.
Dowan is severely wounded.
You constrict Dowan. You constrict the bullfrog skeleton.
Dowan hits you with a +2 dagger of speed!
* * * LOW HITPOINT WARNING * * *
The bullfrog skeleton barely misses you.
You hit Dowan. You freeze Dowan.
Dowan is almost dead.
You constrict Dowan.
You kill Dowan!
Trog accepts your kill.
Trog appreciates your killing of a magic user.
Duvessa weeps, and shakes her weapon.
Duvessa goes berserk!
You constrict the bullfrog skeleton.
You destroy the bullfrog skeleton!
Trog accepts your kill. Duvessa hits you with a +0 rapier!
You die...

###
###<##
#....#
#....#
#.@.##
#...)e#
##....#
#.....
#......
##......
#.......
#........


You could see Duvessa (berserk).

Vanquished Creatures
  Dowan (D:4)
  A bullfrog skeleton (D:4)
  2 worms (D:2)
  2 dart slugs
  4 bats
  2 endoplasms
  5 giant cockroaches
  7 goblins
  4 hobgoblins
  4 jackals (D:1)
  3 quokkas
  7 ball pythons
  4 frilled lizards
  3 kobolds
  2 rats (D:1)
51 creatures vanquished.

Notes
Turn   | Place    | Note
-------+----------+-------------------------------------------
     0 | D:1      | Froggeryz the Octopode Berserker began the quest for the
                  | Orb.
     0 | D:1      | Reached XP level 1. HP: 16/16 MP: 1/1
   272 | D:1      | Reached XP level 2. HP: 21/21 MP: 2/2
   842 | D:1      | Reached XP level 3. HP: 26/26 MP: 3/3
  1537 | D:2      | Reached ** piety under Trog
  1572 | D:2      | Reached skill level 4 in Short Blades
  1775 | D:2      | Found a shadowy altar of Dithmenos.
  2236 | D:2      | Found a faded altar of an unknown god.
  2677 | D:3      | Reached XP level 4. HP: 32/32 MP: 4/4
  3131 | D:4      | Noticed Duvessa
  3131 | D:4      | Noticed Dowan
  3141 | D:4      | Killed Dowan
  3141 | D:4      | Mangled by Duvessa

Illustrated notes

Levels and vault maps discovered:
D:1:      doesnt_arrival_eight_statues, layout_basic,
          chequers_serial_rivers_large_b, minmay_box_of_dots
D:2:      layout_basic, basic_altar, shapermc_ecumenical_altar_petra,
          serial_park_tiny_pond
D:3:      layout_basic
D:4:      layout_cave_pods, minmay_misc_feat_enclosed, minivault_11,
          uniq_edmund, uniq_duvessa, uniq_eustachio

Skill      XL: |  1  2  3 |
---------------+----------+-----
Short Blades   | 4 |  4.3
Fighting       | |  3.7
Dodging        | |  3.0

Action                   |  1- 3 |  4- 6 || total
-------------------------+-------+-------++-------
Melee: Dagger            |    71 |    22 ||    93
       Tentacles         |    22 |     5 ||    27
       Constrict         |    20 |     6 ||    26
       Short sword       |     1 |       ||     1
Invok: Berserk           |       |     1 ||     1
 Stab: Sleeping          |     9 |     2 ||    11
Armor: Skin              |     3 |       ||     3
Dodge: Dodged            |    37 |    11 ||    48
